[Event "*** SCC Grand Prix: Titled Tuesday Blitz"]
[Site "Chess.com"]
[Date "2020.10.06"]
[Round "7"]
[White "Koksik_13"]
[Black "BanjoKazooieN64"]
[Result "1/2-1/2"]
[WhiteElo "2657"]
[BlackElo "2488"]
[TimeControl "180+1"]
[EndTime "11:20:54 PDT"]
[Termination "Game drawn - insufficient material"]

1. d4 d5 2. Nc3 Nf6 3. Bf4 Bf5 4. e3 e6 5. f3 Bd6 6. g4 Bg6 7. h4 Bxf4 8. exf4 h5 9. g5 Ng8 10.
Bd3 Bxd3 11. Qxd3 Ne7 12. Qb5+ Nbc6 13. O-O-O a6 14. Qd3 g6 15. Nge2 Nf5 16. Kb1 Qd6 17. Rde1 O-O-O 18. Nd1 Kb8 19. Ne3 Nxe3 20. Qxe3 Ne7 21.
Nc1 Nf5 22. Qd2 c5 23. dxc5 Qxc5 24. Nd3 Qc7 25. Ne5 d4 26. a3 Rd5 27. Rc1 Rc8 28. c4 dxc3 29. Qxc3 Qxc3 30. Rxc3 Rxc3 31. bxc3 Rd2 32. Nxf7 Ng3 33. Re1 Ne2 34. Ne5 Nxc3+ 35.
Kc1 Rh2 36. Re3 Ne2+ 37. Kd1 Nxf4 38. Re4 Rxh4 39. Kd2 Rh2+ 40. Kc3 Nd5+ 41. Kb3 Rg2 42. f4 Rf2 43. Nxg6 h4 44. Nxh4 Rxf4 45. Rxf4 Nxf4 46. g6 Nh5 47. Kb4 Kc7 48. Ka5 Kc6 49. Nf3 Ng7 50.
Ne5+ Kc5 51. Nd7+ Kd4 52. Kb6 e5 53. Nf6 e4 54. Nxe4 Kxe4 55. Kxb7 a5 56. Kb6 a4 57.
Kb5 Kf5 58. Kxa4 Kxg6 59. Kb5 Kf6 60. a4 Ke7 61. Kc6 Kd8 62. Kb7 Ne6 63. a5 Nc5+ 64.
Kb8 Kd7 65. Ka7 Kc6 66. Ka8 Kb5 67. a6 Nxa6 1/2-1/2

[Event "*** SCC Grand Prix: Titled Tuesday Blitz"]
[Site "Chess.com"]
[Date "2020.10.06"]
[Round "7"]
[White "stanyga"]
[Black "DenLaz"]
[Result "0-1"]
[WhiteElo "2613"]
[BlackElo "2808"]
[TimeControl "180+1"]
[EndTime "11:20:56 PDT"]
[Termination "DenLaz won by resignation"]

1. e4 e5 2. Nf3 Nc6 3. Nc3 Nf6 4.
Bb5 Bb4 5. O-O O-O 6. d3 d6 7.
Bg5 Bxc3 8. bxc3 Qe7 9. Re1 Nd8 10. d4 Ne6 11. Bd2 c6 12. Bf1 Qc7 13. Nh4 Re8 14. Nf5 Nf8 15. Qf3 Bxf5 16. Qxf5 Qd7 17. Qf3 Ng6 18.
Rab1 b6 19. h3 Qe6 20. Bg5 h6 21. Bxf6 Qxf6 22. Qxf6 gxf6 23. Bc4 Kg7 24. g3 Rad8 25. Kg2 Re7 26. Bd3 Nf8 27. Rb4 Ne6 28. Ra4 Rc7 29.
Rd1 b5 30. Ra6 exd4 31. cxd4 Nxd4 32. a4 bxa4 33. Ra1 Ne6 34. R6xa4 Rdd7 35. Kf3 Nc5 36. Rb4 Rb7 37. Rab1 Rxb4 38. Rxb4 Rb7 39. Rd4 Rd7 40. Rb4 a5 41. Rb6 a4 42. Rxc6 a3 43. Bc4 Ra7 44. Ba2 Rb7 45. Rxd6 Rb2 46. Bc4 Rxc2 47. Rd4 a2 48. Bxa2 Rxa2 49. Rc4 Ne6 50. h4 Ra5 51. Ke3 Ra3+ 52. Ke2 h5 53. Kf1 Rd3 54. Kg2 Rd4 55.
Rxd4 Nxd4 56. f3 Kg6 57. g4 Ne6 58. Kg3 Nc5 59. Kf4 Nd3+ 60. Ke3 Ne5 61. Kf4 hxg4 62. fxg4 Kg7 63. Kf5 Nc4 64. g5 Nd6+ 65. Kf4 fxg5+ 66. hxg5 Kg6 67. e5 Ne8 68. e6 fxe6 69. Ke5 Ng7 70.
Kf4 Kh5 71. Ke5 Kxg5 0-1

[Event "*** SCC Grand Prix: Titled Tuesday Blitz"]
[Site "Chess.com"]
[Date "2020.10.06"]
[Round "7"]
[White "gagtemp"]
[Black "PattyCastillo"]
[Result "1-0"]
[WhiteElo "1955"]
[BlackElo "1994"]
[TimeControl "180+1"]
[EndTime "11:20:56 PDT"]
[Termination "gagtemp won by checkmate"]

1. e4 c5 2. Nf3 d6 3. d4 cxd4 4. Nxd4 Nf6 5. Nc3 a6 6. Be3 e5 7. Nb3 Be7 8. f3 Be6 9. Qd2 Nbd7 10. Nd5 Bxd5 11. exd5 b5 12. Na5 O-O 13. Nc6 Qe8 14. Be2 Bd8 15. O-O Nxd5 16. Qxd5 Nf6 17. Qxd6 Rc8 18.
Nxd8 Rxd8 19. Qxa6 Nd5 20. Bc5 Qe6 21. Bxf8 Rxf8 22.
Qxe6 fxe6 23. Bxb5 Rb8 24. c4 Nf4 25. Rfe1 Ng6 26. Rad1 Kf7 27. Rd7+ Kf6 28. Red1 Ra8 29. a4 Nf4 30. Rc7 Ne2+ 31. Kf2 Nd4 32. Re1 Rd8 33.
Rc5 Nf5 34. Rcxe5 Rd2+ 35. R5e2 Rd6 36. c5 Rd8 37. c6 Nd4 38. Rd2 e5 39. c7 Rc8 40.
Rc1 Nb3 41. Rd6+ Ke7 42. Rd7+ Ke6 43. Rc3 Nd4 44. Rc5 Nxb5 45. axb5 Kxd7 46. b6 Kd6 47. b4 Kd7 48. Ke3 Re8 49. Ke4 Kc8 50. g3 Kb7 51.
Rxe5 Rc8 52. Re7 Kxb6 53. Rxg7 h5 54. Kf5 Kb5 55. Kg5 Kxb4 56. Kxh5 Kc5 57. f4 Kd6 58. f5 Ke5 59. Kg5 Kd6 60. g4 Ke5 61. h4 Rh8 62. h5 Rf8 63. h6 Rh8 64. h7 Kd6 65. Kg6 Rc8 66. Rg8 Rxc7 67. h8=Q Rc6 68. Qd4+ Kc7+ 69. Kg5 Rd6 70. Qc5+ Rc6 71. Rg7+ Kd8 72. Qd5+ Ke8 73. Qxc6+ Kf8 74. Qf6+ Ke8 75. Re7+ Kd8 76. Qf8# 1-0

[Event "*** SCC Grand Prix: Titled Tuesday Blitz"]
[Site "Chess.com"]
[Date "2020.10.06"]
[Round "7"]
[White "vladgoncharov"]
[Black "suyu28"]
[Result "1-0"]
[WhiteElo "2451"]
[BlackElo "2556"]
[TimeControl "180+1"]
[EndTime "11:20:59 PDT"]
[Termination "vladgoncharov won by resignation"]

1. d4 d5 2. c4 dxc4 3. Nf3 Nf6 4. e3 e6 5. Bxc4 c5 6. O-O a6 7. Bb3 Nc6 8. Qe2 cxd4 9. Rd1 Be7 10. exd4 O-O 11. Nc3 Nb4 12. Bg5 Bd7 13. Ne5 Bc6 14.
Rac1 Bd5 15. Nxd5 Nbxd5 16. Bc2 Rc8 17. Bb1 Qb6 18. Rxc8 Rxc8 19. h3 Qb5 20. Qxb5 axb5 21. Rc1 Rxc1+ 22. Bxc1 b4 23. Kf1 Bd8 24. Ke2 Ne7 25.
Kd3 b5 26. Bd2 Nfd5 27. Bc2 Bb6 28. g4 f6 29. Nd7 Ba7 30. Nc5 Kf7 31. f4 Nc6 32. Ke4 Nde7 33. Bb3 Nxd4 34. Kxd4 Nc6+ 35. Ke4 Bxc5 36. f5 Ke7 37. Bxe6 Bd6 38. Bg8 h6 39. Bd5 Ne5 40. b3 Nd7 41. Bc6 Nc5+ 42. Ke3 Na6 43.
Bxb5 Nc7 44. Bc6 Bc5+ 45. Ke4 Kd6 46. Bb7 Nb5 47. Bf4+ Kd7 48. Kd5 Bd6 49. Bxd6 Nxd6 50. Bc6+ Kc7 51. Ba4 Nf7 52. Kc4 Ng5 53. h4 Nf3 54. h5 Ne5+ 55. Kxb4 Nxg4 56. Be8 Ne3 57. Bg6 Kb6 58. a4 Nd5+ 59. Kc4 Ne3+ 60. Kd4 Nc2+ 61. Kd5 Ka5 62. Ke6 Ne3 63. Kf7 Kb4 64. Kxg7 Ng4 65.
Bf7 Ka5 66. Kg6 Kb4 67. Bc4 Ka5 68. Be2 Nf2 69. Kxh6 1-0

[Event "*** SCC Grand Prix: Titled Tuesday Blitz"]
[Site "Chess.com"]
[Date "2020.10.06"]
[Round "7"]
[White "queen_iryna"]
[Black "GlennTipton"]
[Result "1/2-1/2"]
[WhiteElo "2308"]
[BlackElo "2437"]
[TimeControl "180+1"]
[EndTime "11:20:59 PDT"]
[Termination "Game drawn - insufficient material"]

1. e4 e5 2. Nf3 Nc6 3. c3 Nf6 4. d3 a5 5. Nbd2 Bc5 6. Be2 d6 7. O-O O-O 8. h3 Ba7 9. Re1 Ne7 10. Nf1 Ng6 11. Ng3 c6 12. Bf1 h6 13.
Be3 Bxe3 14. Rxe3 Nh7 15. Nf5 Bxf5 16. exf5 Ne7 17. g4 Nd5 18. Re1 Ng5 19. d4 Nxf3+ 20. Qxf3 Qf6 21. dxe5 dxe5 22. Rad1 Rad8 23. Qe4 Rfe8 24.
c4 Nb4 25. a3 Na6 26. Rxd8 Qxd8 27. f4 Qb6+ 28. Qe3 Qxe3+ 29. Rxe3 f6 30. fxe5 Rxe5 31. Rxe5 fxe5 32. Kf2 a4 33. Ke3 Nc5 34. Kd2 Kf7 35. Be2 Kf6 36. h4 h5 37. Kc3 hxg4 38. Bxg4 Ne4+ 39. Kb4 Nf2 40. Be2 Kxf5 41. Kxa4 Ke4 42. Ka5 Ke3 43. Bf1 Nd3 44. Kb6 Nxb2 45. Kxb7 Kf2 46.
Bh3 Nxc4 47. Kxc6 e4 48. Kd5 e3 49. Bg4 Nxa3 50. Ke6 Nc4 51. h5 Kg3 52. Bd1 Nb2 53. Be2 Kf2 54. Bb5 Kg3 55. Kf7 Kh4 56. Kg6 Kg4 57. Be2+ Kh4 58. Kxg7 Na4 59. h6 Nc3 60. Bd3 Nd5 61. h7 Nf4 62. h8=Q+ Kg4 63. Bb5 Kf3 64.
Qa8+ Kf2 65. Qf8 Kg3 66. Qf5 e2 67. Bxe2 Nxe2 68. Qe5+ Kf3 69. Kh6 Nf4 70. Kg5 Ng2 71.
Qf5+ Ke3 72. Qe5+ Kf3 73. Qd5+ Kf2 74. Kh5 Nf4+ 75. Kg5 Nxd5 1/2-1/2

[Event "*** SCC Grand Prix: Titled Tuesday Blitz"]
[Site "Chess.com"]
[Date "2020.10.06"]
[Round "7"]
[White "GHANDEEVAM2003"]
[Black "GiantThresher"]
[Result "1/2-1/2"]
[WhiteElo "2960"]
[BlackElo "2799"]
[TimeControl "180+1"]
[EndTime "11:21:01 PDT"]
[Termination "Game drawn by repetition"]

1. c4 e6 2. Nc3 d5 3. d4 c5 4. cxd5 exd5 5. Nf3 Nc6 6. g3 Nf6 7. Bg2 cxd4 8. Nxd4 Bc5 9. Nb3 Bb6 10.
Nxd5 Be6 11. Nxb6 Qxd1+ 12. Kxd1 axb6 13. Nd2 O-O 14. Bxc6 bxc6 15. b3 Rfd8 16. Kc2 c5 17. f3 Nd5 18. Nc4 b5 19. Ne3 Nb4+ 20. Kb2 c4 21.
Rd1 Rdc8 22. Bd2 Nc6 23. bxc4 bxc4 24. Bc3 Ra4 25. Nc2 h5 26. e4 Rb8+ 27. Kc1 Rba8 28. a3 Rb8 29. Rb1 Rb3 30. Rxb3 cxb3 31. Nb4 Na5 32. Rd8+ Kh7 33. Ra8 Rxa3 34. Nd5 Bxd5 35. Rxa5 Rxa5 36. Bxa5 Be6 37. f4 Kg8 38. Kb2 g6 39. Bc3 Kf8 40. Ka3 Ke7 41. Kb4 Kd7 42. Kc5 Kc7 43. Bb2 Kb7 44. Kd6 Kb6 45. Ke5 Kb5 46.
f5 Bc4 47. fxg6 fxg6 48. Kf6 Bd3 49. Kxg6 Bxe4+ 50. Kxh5 Kc6 51. Kg5 Kd7 52. Kf6 Bf3 53.
h4 Ke8 54. Kf5 Kf7 55. g4 Kg8 56. h5 Kh7 57. Kg5 Bc6 58. Kf6 Be8 59. Kg5 Bf7 60. Kf4 Be8 61. Bc1 Bf7 62. Kg5 Be8 63. Kh4 Bf7 64. g5 Be8 65. Ba3 Bf7 66. Bb2 Be8 67.
Kg4 Bf7 68. Kh4 Be8 69. Bc3 Bf7 70. Be5 Be8 71. Bb2 Bf7 72. Kg4 Be8 73. h6 Bg6 74. Kf4 Bc2 75. Ke5 Bg6 76. Kf6 Bc2 77. Bc3 Bd3 78. Bb2 Bc2 79. Bc3 Bd3 80. Bb2 Bc2 1/2-1/2

[Event "*** SCC Grand Prix: Titled Tuesday Blitz"]
[Site "Chess.com"]
[Date "2020.10.06"]
[Round "7"]
[White "hungrycaterpillar4"]
[Black "swimmerchess"]
[Result "1/2-1/2"]
[WhiteElo "2638"]
[BlackElo "2810"]
[TimeControl "180+1"]
[EndTime "11:21:05 PDT"]
[Termination "Game drawn - insufficient material"]

1. d4 Nf6 2. Bf4 g6 3. Nc3 d5 4. e3 Bg7 5. h4 O-O 6. h5 c5 7.
hxg6 hxg6 8. Bh6 Nc6 9. Nf3 Bxh6 10. Rxh6 Kg7 11. Rh4 Qa5 12. Qd2 Rh8 13. Rxh8 Kxh8 14.
O-O-O Bg4 15. a3 Kg7 16. Be2 Rh8 17. dxc5 Qxc5 18. Kb1 e6 19. Nd4 Bxe2 20. Qxe2 a6 21. Nb3 Qe7 22. e4 dxe4 23. Nxe4 Nxe4 24. Qxe4 Qf6 25. f3 Rh2 26. Rd2 Ne5 27. Ka2 b5 28. Re2 Nc4 29. c3 a5 30. Nd4 b4 31. cxb4 axb4 32.
axb4 Nd6 33. Qd3 e5 34. Nc6 Qe6+ 35. b3 f6 36. b5 Rh8 37. Rd2 Nc8 38. Qd7+ Qxd7 39.
Rxd7+ Kh6 40. Ka3 Kg5 41. Kb4 Kf4 42. Kc5 Kg3 43. Rd2 Rh5 44. Kb4 Rh8 45. Ka5 g5 46. Ka6 g4 47. fxg4 e4 48. Kb7 e3 49.
Re2 Nd6+ 50. Kb6 Re8 51. Kc5 Ne4+ 52. Kd4 Nd6 53. Rxe3+ Rxe3 54. Kxe3 Nxb5 55. Nd4 Nc7 56. b4 Kxg4 57. Kf2 Kf4 58. b5 Nd5 59. Ne6+ Ke5 60. Nc7 Nxc7 61. b6 Na6 62. Kf3 Nc5 63. g4 Ke6 64.
Kf4 Nd3+ 65. Ke4 Nc5+ 66. Kf4 Nb7 67. g5 fxg5+ 68. Kxg5 Kd6 69. Kg4 Kc6 70. Kf3 Kxb6 1/2-1/2

[Event "*** SCC Grand Prix: Titled Tuesday Blitz"]
[Site "Chess.com"]
[Date "2020.10.06"]
[Round "7"]
[White "SergeyKarjakin"]
[Black "Alexsur1981"]
[Result "1/2-1/2"]
[WhiteElo "2936"]
[BlackElo "2762"]
[TimeControl "180+1"]
[EndTime "11:21:06 PDT"]
[Termination "Game drawn - insufficient material"]

1. e4 c5 2. Nf3 e6 3. d4 cxd4 4. Nxd4 Nf6 5. Nc3 Nc6 6. a3 d6 7. Be3 Be7 8. Be2 a6 9. O-O Bd7 10. f4 Nxd4 11. Bxd4 Bc6 12. Bd3 h5 13. Qe2 h4 14. Rae1 h3 15. g4 Rh4 16. g5 Nh5 17.
Be3 g6 18. Qf3 Qa5 19. Ne2 f5 20. gxf6 Nxf6 21. Ng3 Ng4 22. Bd4 O-O-O 23. Bc4 Bd7 24. Qb3 d5 25. exd5 Bc5 26. Ne2 e5 27. fxe5 Nxe5 28. c3 Ba4 29. Qa2 Rg4+ 30. Kh1 Bxd4 31. Nxd4 Nxc4 32. Qxc4+ Kb8 33. Re5 Qc7 34. Qxc7+ Kxc7 35.
Rg1 Rxg1+ 36. Kxg1 Kd6 37. Re6+ Kxd5 38. Rxg6 Re8 39. Kf2 Bb5 40. Rg3 Bd7 41. b3 Rf8+ 42. Ke2 Re8+ 43. Kd3 Rf8 44. Rg5+ Kd6 45. Rg6+ Kc7 46.
Ke3 Rf1 47. c4 Rh1 48. Nf3 Rb1 49. Nd2 Rh1 50. Nf3 Rb1 51. b4 Rb3+ 52. Kf4 Rxa3 53. Rg7 Kc8 54. Ne5 Ba4 55. Rh7 Rb3 56. Ke4 Rxb4 57.
Rxh3 Rb2 58. Kd4 Kc7 59. Rh7+ Kb6 60. h4 Rd2+ 61. Kc3 Rh2 62. Nd7+ Bxd7 63. Rxd7 Rxh4 64. Kb4 Kc6 65. Rg7 b5 66. Rg6+ Kb7 67. Rg7+ Kc8 68. Ka5 bxc4 69. Kxa6 c3 70. Rg1 Rb4 71. Rc1 Rb3 72.
Ka5 Kc7 73. Ka4 Rb6 74. Rxc3+ Rc6 75. Rxc6+ Kxc6 1/2-1/2

[Event "*** SCC Grand Prix: Titled Tuesday Blitz"]
[Site "Chess.com"]
[Date "2020.10.06"]
[Round "7"]
[White "MashaFromRussia"]
[Black "Morshynska"]
[Result "1/2-1/2"]
[WhiteElo "2402"]
[BlackElo "2225"]
[TimeControl "180+1"]
[EndTime "11:21:10 PDT"]
[Termination "Game drawn by stalemate"]

1. d4 d5 2. c4 c6 3. Nf3 Nf6 4. Nc3 e6 5. g3 Nbd7 6. Bg2 Bd6 7. O-O O-O 8. b3 Qe7 9. Qc2 b6 10. Rd1 Bb7 11. e4 dxe4 12. Nxe4 Nxe4 13. Qxe4 Rab8 14. Bb2 Ba3 15. Bxa3 Qxa3 16. Ng5 Nf6 17. Qc2 c5 18. Bxb7 Rxb7 19. dxc5 Qxc5 20. Ne4 Qe5 21. Nxf6+ Qxf6 22. Rac1 Rc8 23. Qe4 Rbc7 24. a4 Qb2 25. Qc2 Qxc2 26.
Rxc2 Kf8 27. Rcd2 Ke7 28. Rd6 Rb8 29. f4 Rbb7 30. Kf2 Rd7 31. Rxd7+ Rxd7 32. Rxd7+ Kxd7 33. b4 a5 34. bxa5 bxa5 35. Ke3 Kc6 36. Kd4 f6 37. g4 h6 38. h4 g6 39. h5 gxh5 40.
gxh5 Kd6 41. c5+ Kc6 42. Kc4 e5 43. f5 e4 44. Kd4 e3 45. Kxe3 Kxc5 46. Ke4 Kc4 47.
Ke3 Kd5 48. Kd3 Ke5 49. Kc4 Kxf5 50. Kb5 Kg5 51. Kxa5 f5 52. Kb6 f4 53. a5 f3 54. a6 f2 55. a7 f1=Q 56. a8=Q Qf2+ 57. Kb5 Qb2+ 58. Kc4 Qc2+ 59. Kb4 Qd2+ 60. Kc4 Qe2+ 61. Kb4 Qe7+ 62. Kc4 Qe6+ 63. Kd4 Qf6+ 64. Ke3 Qf4+ 65. Ke2 Kxh5 66. Qe8+ Kg5 67. Qg8+ Kh4 68. Qd8+ Qg5 69.
Qd4+ Qg4+ 70. Qxg4+ Kxg4 71. Kf1 h5 72. Kg1 h4 73. Kh1 h3 74. Kg1 Kh4 75. Kh1 Kg4 76.
Kh2 Kh4 77. Kg1 Kg3 78. Kh1 h2 1/2-1/2

[Event "*** SCC Grand Prix: Titled Tuesday Blitz"]
[Site "Chess.com"]
[Date "2020.10.06"]
[Round "7"]
[White "aloe_normansen"]
[Black "Arfan48"]
[Result "0-1"]
[WhiteElo "2353"]
[BlackElo "2273"]
[TimeControl "180+1"]
[EndTime "11:21:14 PDT"]
[Termination "Arfan48 won by resignation"]

1. e4 g6 2. d4 Bg7 3. Nc3 d5 4. exd5 Nf6 5. Bc4 Nbd7 6. Nf3 O-O 7. Bb3 Nb6 8. O-O a5 9. a4 Nbxd5 10. Nxd5 Nxd5 11.
Bg5 c6 12. Re1 Re8 13. c3 Be6 14. Qd2 Qb6 15. Bc4 Rad8 16. Rad1 Qc7 17. Bh4 Bg4 18. Bg3 Qb6 19. Ng5 Bxd1 20. Rxd1 e6 21. Qe2 Nf6 22. Be5 h6 23. Nh3 Nd5 24. Bg3 c5 25. Bb5 Rf8 26. c4 Nb4 27. dxc5 Qxc5 28. Rf1 Qd4 29. Nf4 Qxb2 30. Qg4 Qf6 31. Bh4 g5 32.
Nh5 Qf5 33. Qg3 Qg6 34. Nxg7 Qxg7 35. Qc7 gxh4 36. Qxb7 h3 37. g3 Rd2 38. c5 Rc2 39. c6 Qe5 40. Rd1 Nd5 41. Bf1 Qc7 42. Qb3 Qxc6 43.
Qf3 Qc3 44. Qg4+ Qg7 45. Qf3 Rfc8 46. Qb3 R2c3 47. Qb7 R3c7 48. Qb3 Rc1 49. Rxc1 Rxc1 50. Qb8+ Qf8 51. Qb3 Qb4 52. Qf3 Qe1 53. Qg4+ Kf8 54. Qxh3 Nc3 55. Qxh6+ Ke8 56. Qh8+ Ke7 57. Qh4+ f6 58.
Qh7+ Kd6 59. Qd3+ Nd5 60. Qa6+ Ke5 61. f4+ Kd4 62. Qd3+ Kc5 63. Qb5+ Kd6 64. Qa6+ Rc6 65.
Qd3 Qe3+ 66. Qxe3 Nxe3 67. Be2 Rc1+ 68. Kf2 Nd5 69. Kf3 Nc3 70. Bd3 Nxa4 71. Ke3 Nc5 72.
Kd2 Nxd3 73. Kxd3 Rh1 0-1

[Event "*** SCC Grand Prix: Titled Tuesday Blitz"]
[Site "Chess.com"]
[Date "2020.10.06"]
[Round "7"]
[White "mhennigan"]
[Black "CrazyMartian"]
[Result "1-0"]
[WhiteElo "2413"]
[BlackElo "2273"]
[TimeControl "180+1"]
[EndTime "11:21:16 PDT"]
[Termination "mhennigan won by checkmate"]

1. g3 d5 2. Bg2 Nf6 3. d3 c6 4.
Nf3 Bf5 5. O-O h6 6. Nbd2 e6 7. b3 Be7 8. Bb2 O-O 9. Qe1 Bh7 10. e4 a5 11. a3 Na6 12. Qe2 Rc8 13. h3 b5 14. Ne5 Nd7 15. Nxd7 Qxd7 16. f4 dxe4 17. Nxe4 Nc5 18. Rad1 Rfd8 19. g4 Nxe4 20. dxe4 Qa7+ 21.
Kh1 Rxd1 22. Rxd1 Rd8 23. Rxd8+ Bxd8 24. Qd2 Qc7 25. Be5 Qc8 26. f5 f6 27. Bc3 Kh8 28.
Bxa5 Bxa5 29. Qxa5 Bg8 30. Qd2 e5 31. Bf1 Qa6 32.
a4 Qb6 33. a5 Qc5 34. b4 Qa7 35. Kg2 Kh7 36. Qf2 Qd7 37. Bd3 Bc4 38. Bxc4 bxc4 39. a6 Qc7 40. a7 Qb7 41. Qc5 c3 42. Kf3 h5 43. Qa5 hxg4+ 44. hxg4 Qa8 45. g5 fxg5 46. Kg4 Kh6 47. Qb6 Qe8 48. Kg3 Qh5 49. b5 Qh4+ 50. Kg2 Qxe4+ 51. Kf2 Qf4+ 52. Ke2 Qd2+ 53. Kf3 Qf4+ 54.
Ke2 Qd2+ 55. Kf1 Qd1+ 56. Kg2 Qxc2+ 57. Qf2 Qe4+ 58. Kg3 Qh4+ 59. Kg2 Qe4+ 60. Kg3 Qh4+ 61. Kf3 Qf4+ 62. Ke2 Qc4+ 63. Ke1 Qa4 64. Qh2+ Qh4+ 65. Qxh4+ gxh4 66. a8=Q c2 67. Qxc6+ Kh5 68. Qxc2 g6 69. Qe4 gxf5 70. Qxf5+ Kh6 71. Qxe5 h3 72. Kf2 h2 73. Kg2 h1=Q+ 74. Kxh1 Kg6 75. b6 Kh6 76. b7 Kg6 77.
b8=Q Kh7 78. Qbd6 Kg8 79. Qe8+ Kh7 80. Qee7+ Kg8 81. Qdd8# 1-0

[Event "*** SCC Grand Prix: Titled Tuesday Blitz"]
[Site "Chess.com"]
[Date "2020.10.06"]
[Round "7"]
[White "MrChampion_Coach"]
[Black "HrvojeZagreb"]
[Result "0-1"]
[WhiteElo "2372"]
[BlackElo "2150"]
[TimeControl "180+1"]
[EndTime "11:21:30 PDT"]
[Termination "HrvojeZagreb won on time"]

1. d4 e6 2. c4 f5 3. g3 Nf6 4.
Bg2 Be7 5. Nc3 d6 6. Qc2 Nc6 7. e3 O-O 8. Nge2 e5 9. dxe5 dxe5 10. a3 Qe8 11. Nd5 Bd8 12. b4 e4 13. Bb2 Ne5 14.
Bxe5 Qxe5 15. O-O c6 16. Ndc3 Ng4 17. Rad1 h5 18. Nf4 Qe8 19. h3 Ne5 20. Qe2 g6 21. Rd6 Bc7 22. Rd4 Be6 23. Rfd1 Qf7 24. Nxe6 Qxe6 25. Kh1 Rad8 26. Rxd8 Rxd8 27. Rd4 h4 28. Kg1 hxg3 29. fxg3 Nd3 30. Nxe4 Rxd4 31. exd4 fxe4 32. Bxe4 Nc1 33. Qf3 Bxg3 34. Kg2 Bc7 35. d5 Qd6 36. Qg4 Qh2+ 37. Kf1 Qf4+ 38. Qxf4 Bxf4 39. dxc6 bxc6 40. Bxc6 g5 41. c5 Nb3 42. Bd5+ Kg7 43. Bxb3 Bc1 44. a4 Ba3 45. b5 Bxc5 46. Ke2 Kf6 47. Kf3 Ke5 48.
Kg4 Kf6 49. Bc2 Bb4 50. Bd3 Bc5 51. Be2 Bb4 52. Kf3 Ke5 53. Kg4 Kf6 54. Kh5 Ba5 55. Kh6 Bb6 56. Bg4 Bc5 57. Kh7 Bb6 58. Kg8 Be3 59. Kf8 Ke5 60. Ke7 Kd5 61. Kd7 Kc5 62. Kc7 Kb4 63. Bd1 Bb6+ 64. Kb7 Bc5 65. Ka6 Bb6 66.
Bc2 Ba5 67. Bf5 Bb6 68. Bc2 Ba5 69. Bd1 Bb6 70. Be2 Ba5 71. h4 gxh4 72. Bg4 Bb6 73. Bh3 Kxa4 74. Bg4 Kb4 75. Bh3 Kc5 76. Bf1 Kd4 77.
Kb7 Ke3 78. Kc6 Kf2 79. Bh3 Kg3 80. Bf5 h3 81. Be4 Kf2 82. Kd5 Kg1 83. Kc4 h2 84. Kd5 h1=Q 85. Bxh1 Kxh1 86. Kc4 Kh2 87. Kb4 Kg3 88. Ka4 Kf4 0-1

[Event "*** SCC Grand Prix: Titled Tuesday Blitz"]
[Site "Chess.com"]
[Date "2020.10.06"]
[Round "7"]
[White "johnathan113"]
[Black "TrimitziosP7"]
[Result "1/2-1/2"]
[WhiteElo "2616"]
[BlackElo "2806"]
[TimeControl "180+1"]
[EndTime "11:21:33 PDT"]
[Termination "Game drawn by repetition"]

1. d4 Nf6 2. Nc3 d5 3. Bf4 Bf5 4. f3 h6 5. g4 Bh7 6. h4 e6 7. e3 Bd6 8. Bd3 Bxf4 9. exf4 Bxd3 10. Qxd3 Qd6 11. Qe3 Nbd7 12. O-O-O O-O-O 13. Nh3 c6 14. Nf2 Rhe8 15. h5 Kb8 16. Kb1 Rc8 17. Nd3 c5 18.
dxc5 Nxc5 19. Ne5 Re7 20. Ne2 Rec7 21. Nd4 a6 22. g5 Ne8 23. g6 f6 24. Nf7 Qb6 25.
Rhe1 Nd6 26. Nxd6 Qxd6 27. Nxe6 Nxe6 28. Qxe6 Qxf4 29. Qxd5 Rxc2 30. a3 Ka8 31. Re7 R2c7 32. Rde1 Qh2 33. R1e6 Qc2+ 34. Ka2 Ka7 35. Qd4+ Kb8 36.
Qf4 Qc5 37. Rxc7 Qxc7 38. Qxc7+ Rxc7 39. Re8+ Ka7 40. Rf8 Kb6 41. Rf7 Kc6 42. Kb3 Kd6 43.
Rf8 Ke6 44. Kb4 b6 45. Rb8 a5+ 46. Kb5 Rc5+ 47. Kxb6 Rxh5 48. Rb7 Rh3 49. Rxg7 Rxf3 50. Kxa5 Kf5 51. b4 Rxa3+ 52. Kb6 h5 53. b5 Rb3 54. Rg8 h4 55. Kc7 Rxb5 56. g7 Kg6 57. Kc6 Rb4 58.
Kc5 Rg4 59. Kd5 Kf7 60. Ra8 Kxg7 61. Ke6 Re4+ 62. Kf5 Re5+ 63. Kg4 Re4+ 64. Kh5 Rb4 65. Ra7+ Kf8 66. Kg6 h3 67. Kxf6 Rb6+ 68. Kf5 h2 69. Rh7 Rb2 70. Kf6 Kg8 71. Rh3 Rg2 72. Kf5 Kg7 73.
Kf4 Kg6 74. Kf3 Ra2 75. Rh4 Kg5 76. Rh8 Ra3+ 77. Kg2 Ra2+ 78. Kh1 Kg4 79. Rg8+ Kh3 80. Rh8+ Kg3 81. Rg8+ Kh3 82. Rh8+ Kg3 83. Rg8+ Kh3 1/2-1/2

[Event "*** SCC Grand Prix: Titled Tuesday Blitz"]
[Site "Chess.com"]
[Date "2020.10.06"]
[Round "7"]
[White "chessmadara"]
[Black "SergeyShtyka"]
[Result "1-0"]
[WhiteElo "2124"]
[BlackElo "2245"]
[TimeControl "180+1"]
[EndTime "11:22:10 PDT"]
[Termination "chessmadara won by checkmate"]

1. c4 c5 2. g3 Nf6 3. Bg2 g6 4. Nf3 Bg7 5. O-O O-O 6. Nc3 Nc6 7. d4 cxd4 8. Nxd4 Nxd4 9. Qxd4 d6 10. e4 Ng4 11. Qd3 Ne5 12. Qe2 Be6 13. Nd5 Bxd5 14. cxd5 Rc8 15. Be3 Nc4 16. Rab1 Qa5 17. Bg5 f6 18. b3 Na3 19. Bd2 Rc2 20. Bxa5 Rxe2 21. Rbc1 b6 22. Bb4 Nc2 23. Bf3 Nd4 24. Bxe2 Nxe2+ 25. Kg2 Nxc1 26. Rxc1 a5 27. Bd2 Rb8 28.
Rc7 Kf7 29. Be3 b5 30. Ra7 a4 31. bxa4 bxa4 32. Rxa4 f5 33. exf5 gxf5 34. Rf4 Kg6 35. h4 Be5 36. h5+ Kf6 37. Rc4 Ra8 38. a4 Ra5 39.
Bb6 Rxd5 40. a5 Rd3 41. Ra4 d5 42.
a6 Bb8 43. a7 Bxa7 44. Bxa7 Kg5 45. Rh4 e5 46. Ra4 Kxh5 47. Ra6 Kg5 48. Be3+ f4 49. gxf4+ exf4 50. Bc5 Kg4 51. Be7 f3+ 52. Kh2 Rd1 53. Ra4+ Kf5 54. Bc5 Rd3 55. Be3 h5 56.
Rf4+ Ke5 57. Rxf3 Ke4 58. Rh3 d4 59. Rh4+ Kf3 60. Rxd4 Rb3 61. Rf4+ Ke2 62. Kg3 Rb5 63. Rh4 Kd3 64. Bf4 Ke4 65. f3+ Kd3 66. Bh6 Ke2 67.
Re4+ Kd3 68. Bf4 Rb1 69. Re5 Rg1+ 70. Kh4 Rh1+ 71. Kg5 h4 72. Kg4 h3 73. Bg3 h2 74.
Rh5 Rb1 75. Rxh2 Rb7 76. Rh5 Rg7+ 77. Rg5 Rf7 78. f4 Ke4 79. Re5+ Kd4 80. Bh4 Rg7+ 81. Bg5 Rg8 82. Kf5 Rf8+ 83. Kg6 Rg8+ 84. Kf7 Rc8 85.
Re7 Kc4 86. f5 Kb3 87. f6 Rc5 88. Kg6 Rc6 89. Rf7 Ka2 90. Re7 Rb6 91. Kg7 Rc6 92.
Bf4 Rc5 93. f7 Rc4 94. f8=Q Rc2 95. Qf7+ Kb1 96. Re6 Kb2 97. Qf5 Kb1 98. Qe5 Rg2+ 99. Kf7 Rc2 100. Qe4 Kb2 101. Rb6+ Ka1 102. Qa4+ Ra2 103. Qd1# 1-0

[Event "*** SCC Grand Prix: Titled Tuesday Blitz"]
[Site "Chess.com"]
[Date "2020.10.06"]
[Round "8"]
[White "GelmanAlexander"]
[Black "r31415"]
[Result "1-0"]
[WhiteElo "2585"]
[BlackElo "2472"]
[TimeControl "180+1"]
[EndTime "11:30:01 PDT"]
[Termination "GelmanAlexander won by resignation"]

1. d4 Nf6 2. Nc3 g6 3. e4 d6 4. f4 Bg7 5. Nf3 O-O 6. e5 dxe5 7. fxe5 Nd5 8. h4 Bg4 9. h5 Bxh5 10. Rxh5 gxh5 11.
Qd3 h6 12. Qe4 Nxc3 13. bxc3 c6 14. Bd3 Re8 15. Qh7+ Kf8 16. Bxh6 1-0

[Event "*** SCC Grand Prix: Titled Tuesday Blitz"]
[Site "Chess.com"]
[Date "2020.10.06"]
[Round "8"]
[White "Azerichess"]
[Black "Jospem"]
[Result "1/2-1/2"]
[WhiteElo "2931"]
[BlackElo "2999"]
[TimeControl "180+1"]
[EndTime "11:30:32 PDT"]
[Termination "Game drawn by agreement"]

1. d4 Nf6 2. c4 e6 3. Nc3 Bb4 4. Qc2 d6 5. e4 c5 6. dxc5 Bxc5 7. Be2 Nc6 8. Nf3 e5 9. O-O Bg4 10. Bg5 h6 11. Bxf6 Qxf6 12. Nd5 Qd8 13. a3 Bxf3 14.
Bxf3 a5 15. Rad1 1/2-1/2

[Event "*** SCC Grand Prix: Titled Tuesday Blitz"]
[Site "Chess.com"]
[Date "2020.10.06"]
[Round "8"]
[White "sopo-tereladze"]
[Black "MrChampion_Coach"]
[Result "1-0"]
[WhiteElo "2308"]
[BlackElo "2362"]
[TimeControl "180+1"]
[EndTime "11:31:05 PDT"]
[Termination "sopo-tereladze won by resignation"]

1. e4 c5 2. Nf3 d6 3. d4 cxd4 4.
Qxd4 Nf6 5. Bg5 Nc6 6. Bb5 Bd7 7. Bxc6 Bxc6 8. Nc3 e6 9. O-O-O Be7 10. Kb1 O-O 11.
Rhe1 Qa5 12. Qd2 Rad8 13. Nd5 Qxd2 14. Nxe7+ Kh8 15. Rxd2 Be8 16. e5 1-0

[Event "*** SCC Grand Prix: Titled Tuesday Blitz"]
[Site "Chess.com"]
[Date "2020.10.06"]
[Round "8"]
[White "Gerasimenyuk_Miha"]
[Black "Chessdude1987"]
[Result "1-0"]
[WhiteElo "2420"]
[BlackElo "2243"]
[TimeControl "180+1"]
[EndTime "11:31:11 PDT"]
[Termination "Gerasimenyuk_Miha won by checkmate"]

1. d4 Nf6 2. Nf3 g6 3. Bg5 Bg7 4. e3 O-O 5. Nbd2 d6 6. c3 Nbd7 7. Bd3 e5 8. h4 Re8 9. h5 h6 10. hxg6 fxg6 11. Bxh6 e4 12. Qb3+ Kf8 13. Ng5 d5 14.
Bxe4 Bxh6 15. Rxh6 Nxe4 16. Ndxe4 dxe4 17. Qf7# 1-0

[Event "*** SCC Grand Prix: Titled Tuesday Blitz"]
[Site "Chess.com"]
[Date "2020.10.06"]
[Round "8"]
[White "IngOscarArdila"]
[Black "shriyanasmallya"]
[Result "1-0"]
[WhiteElo "2122"]
[BlackElo "1623"]
[TimeControl "180+1"]
[EndTime "11:31:13 PDT"]
[Termination "IngOscarArdila won by checkmate"]

1. d4 d5 2. Nf3 Nf6 3. c4 e6 4. cxd5 exd5 5. Nc3 Be6 6. Bg5 Be7 7. e3 O-O 8. Bd3 Nbd7 9. O-O b6 10. Qc2 c5 11. Ne5 h6 12. Bh4 Nxe5 13. dxe5 Nd7 14.
Bxe7 Qxe7 15. f4 Rac8 16. f5 d4 17. fxe6 Nxe5 18. exf7+ Rxf7 19. Nd5 Qg5 20. Rxf7 Kxf7 21. Rf1+ Ke8 22. Bf5 Rc6 23. Qe4 Kd8 24. Qxe5 Rf6 25. Qe7# 1-0